| TOP OF THE 1ST |
|
Tulsa Drillers batting - Pitching for Evansville Triplets : RHP Freddy Medina
|
|
Pitching: RHP Freddy Medina
|
|
|
Batting: RHB Victor Rios
|
0-0: Ball 1-0: Swinging Strike 1-1: Ball 2-1: Foul Ball, location: 2F 2-2: Fly out, F9 (Line Drive, 9, EV 91.3 MPH)
|
|
Batting: SHB Luis Quinones
|
0-0: Foul Ball, location: 2F 0-1: Ball 1-1: Reached on error, E5 (Groundball, 56, EV 89.4 MPH)
|
|
Batting: LHB Jim Adduci
|
0-0: Ball 1-0: Called Strike 1-1: Ball Luis Quinones steals 3rd base (no throw) 2-1: Called Strike 2-2: Strikes out swinging
|
|
Batting: LHB Mike Pagliarulo
|
0-0: Ball 1-0: DOUBLE (Line Drive, 7LS, EV 110.0 MPH) Luis Quinones scores
|
|
Batting: SHB Paul Householder
|
0-0: Foul Ball, location: 2F 0-1: Foul Ball, location: 2F 0-2: Ball 1-2: Strikes out swinging
|
| Top of the 1st over - 1 run, 1 hit, 1 error, 1 left on base; Tulsa 1 - Evansville 0 |
| BOTTOM OF THE 1ST |
|
Evansville Triplets batting - Pitching for Tulsa Drillers : LHP Bob Buchanan
|
|
Pitching: LHP Bob Buchanan
|
|
|
Batting: LHB Greg Gross
|
0-0: Ball 1-0: Foul Ball, location: 2F 1-1: Foul Ball, location: 2F 1-2: Foul Ball, location: 2F 1-2: Foul Ball, location: 2F 1-2: Ball 2-2: Foul Ball, location: 2F 2-2: Strikes out swinging
|
|
Batting: RHB Cory Mihalic
|
0-0: Fly out, F8 (Flyball, 8LXD, EV 100.6 MPH)
|
|
Batting: LHB Lloyd Moseby
|
0-0: Ball 1-0: Swinging Strike 1-1: Ball 2-1: Foul Ball, location: 2F 2-2: Ball 3-2: Base on Balls
|
|
Batting: RHB Ron Kittle
|
0-0: Ball Lloyd Moseby steals 2nd base 1-0: Called Strike 1-1: Called Strike 1-2: SINGLE (Groundball, 56D, EV 98.8 MPH) Lloyd Moseby to third Runner from 3rd tries for Home, SAFE, throw by LF to home
|
|
Batting: SHB Mickey Tettleton
|
0-0: Called Strike 0-1: Called Strike 0-2: Ball 1-2: Ball 2-2: Ball 3-2: Base on Balls Ron Kittle to second
|
|
Batting: RHB Ed Jurak
|
0-0: Ball 1-0: Foul Ball, location: 2F 1-1: SINGLE (Groundball, 56S, EV 66.9 MPH) (infield hit) Ron Kittle to third Mickey Tettleton to second
|
|
Batting: LHB Luis Alfaro
|
0-0: Called Strike 0-1: Ball 1-1: Swinging Strike 1-2: Foul Ball, location: 2F 1-2: Strikes out swinging
|
| Bottom of the 1st over - 1 run, 2 hits, 0 errors, 3 left on base; Tulsa 1 - Evansville 1 |
| TOP OF THE 2ND |
|
Tulsa Drillers batting - Pitching for Evansville Triplets : RHP Freddy Medina
|
|
Batting: LHB Randy Braun
|
0-0: Called Strike 0-1: Ground out 4-3 (Groundball, 4, EV 83.8 MPH)
|
|
Batting: RHB Bob E Johnson
|
0-0: Swinging Strike 0-1: Foul Ball, location: 2F 0-2: Ball 1-2: Strikes out swinging
|
|
Batting: RHB Nick Belmonte
|
0-0: Ground out 1-3 (Groundball, 13S, EV 67.5 MPH)
|
| Top of the 2nd over - 0 runs, 0 hits, 0 errors, 0 left on base; Tulsa 1 - Evansville 1 |
| BOTTOM OF THE 2ND |
|
Evansville Triplets batting - Pitching for Tulsa Drillers : LHP Bob Buchanan
|
|
Batting: RHB Jaden Smith
|
0-0: Called Strike 0-1: Ball 1-1: Fly out, F8 (Flyball, 89D, EV 97.5 MPH)
|
|
Batting: SHB Bobby Thompson
|
0-0: Ball 1-0: Foul Ball, location: 2F 1-1: Ball 2-1: Foul Ball, location: 2F 2-2: SINGLE (Groundball, 6MS, EV 61.9 MPH) (infield hit)
|
|
Batting: LHB Greg Gross
|
0-0: Fielders Choice at 2nd, 6-4 (Groundball, 6MD, EV 104.4 MPH)
|
|
Batting: RHB Cory Mihalic
|
0-0: Ball Greg Gross steals 2nd base 1-0: Ball 2-0: SINGLE (Groundball, 6MD, EV 103.8 MPH) Greg Gross to third Runner from 3rd tries for Home, SAFE, throw by CF to home
|
|
Batting: LHB Lloyd Moseby
|
0-0: Ball Cory Mihalic steals 2nd base 1-0: Foul Ball, location: 2F 1-1: Ball 2-1: Ground out 4-3 (Groundball, 4, EV 90.0 MPH)
|
| Bottom of the 2nd over - 1 run, 2 hits, 0 errors, 1 left on base; Tulsa 1 - Evansville 2 |
| TOP OF THE 3RD |
|
Tulsa Drillers batting - Pitching for Evansville Triplets : RHP Freddy Medina
|
|
Batting: RHB Onix Concepcion
|
0-0: Called Strike 0-1: Swinging Strike 0-2: Strikes out swinging
|
|
Batting: RHB Victor Rios
|
0-0: SINGLE (Groundball, 6MS, EV 66.3 MPH) (infield hit)
|
|
Batting: SHB Luis Quinones
|
0-0: Ball 1-0: Foul Ball, location: 2F 1-1: Ball 2-1: Ball 3-1: DOUBLE (Groundball, 3L, EV 106.3 MPH) Victor Rios to third Runner from 3rd tries for Home, SAFE, throw by RF to home
|
|
Batting: LHB Jim Adduci
|
0-0: Ball 1-0: Ball 2-0: Swinging Strike 2-1: Ground out 4-3 (Groundball, 4, EV 109.4 MPH) Luis Quinones to third
|
|
Batting: LHB Mike Pagliarulo
|
0-0: Ball 1-0: Ball Passed Ball! Luis Quinones scores 2-0: Ball 3-0: Called Strike 3-1: Base on Balls
|
|
Batting: SHB Paul Householder
|
0-0: Swinging Strike 0-1: Fly out, F9 (Flyball, 89S, EV 78.1 MPH)
|
| Top of the 3rd over - 2 runs, 2 hits, 0 errors, 1 left on base; Tulsa 3 - Evansville 2 |
| BOTTOM OF THE 3RD |
|
Evansville Triplets batting - Pitching for Tulsa Drillers : LHP Bob Buchanan
|
|
Pitching: RHP Keith Bonine
|
|
|
Batting: RHB Ron Kittle
|
0-0: Called Strike 0-1: Ball 1-1: Ball 2-1: Ball 3-1: Called Strike 3-2: Foul Ball, location: 2F 3-2: Ground out 5-3 (Groundball, 56, EV 104.4 MPH)
|
|
Batting: SHB Mickey Tettleton
|
0-0: Called Strike 0-1: Ball 1-1: Ball 2-1: Ball 3-1: Foul Ball, location: 2F 3-2: Base on Balls
|
|
Batting: RHB Ed Jurak
|
0-0: Called Strike 0-1: Swinging Strike 0-2: Strikes out swinging
|
|
Batting: LHB Luis Alfaro
|
0-0: Called Strike 0-1: Ground out U3 (Groundball, 3, EV 80.6 MPH)
|
| Bottom of the 3rd over - 0 runs, 0 hits, 0 errors, 1 left on base; Tulsa 3 - Evansville 2 |
| TOP OF THE 4TH |
|
Tulsa Drillers batting - Pitching for Evansville Triplets : RHP Freddy Medina
|
|
Batting: LHB Randy Braun
|
0-0: Swinging Strike 0-1: Ball 1-1: Ball 2-1: Swinging Strike 2-2: Ball 3-2: Base on Balls
|
|
Batting: RHB Bob E Johnson
|
0-0: Called Strike 0-1: Foul Ball, location: 2F 0-2: DOUBLE (Flyball, 78XD, EV 115.0 MPH) Randy Braun to third Runner from 3rd tries for Home, SAFE, throw by LF to trailing runner, SAFE at third!
|
|
Batting: RHB Nick Belmonte
|
0-0: Ball 1-0: Fly out, F3 (Popup, 3DF, EV 73.8 MPH)
|
|
Batting: RHB Onix Concepcion
|
0-0: Called Strike 0-1: Ball 1-1: Foul Ball, location: 2F 1-2: Strikes out looking
|
|
Batting: RHB Victor Rios
|
0-0: Ground out 1-3 (Groundball, P, EV 73.8 MPH)
|
| Top of the 4th over - 1 run, 1 hit, 0 errors, 1 left on base; Tulsa 4 - Evansville 2 |
| BOTTOM OF THE 4TH |
|
Evansville Triplets batting - Pitching for Tulsa Drillers : RHP Keith Bonine
|
|
Batting: RHB Jaden Smith
|
0-0: Foul Ball, location: 2F 0-1: Ball 1-1: Foul Ball, location: 2F 1-2: Ball 2-2: SINGLE (Line Drive, 89S, EV 90.6 MPH)
|
|
Batting: SHB Bobby Thompson
|
0-0: Called Strike 0-1: Ball 1-1: Called Strike 1-2: Foul Ball, location: 2F 1-2: Ball 2-2: Strikes out looking
|
|
Batting: LHB Greg Gross
|
0-0: Ball 1-0: DOUBLE (Groundball, 5L, EV 102.5 MPH) Jaden Smith to third
|
|
Batting: RHB Cory Mihalic
|
0-0: Ball 1-0: Ball 2-0: Ball 3-0: Called Strike 3-1: Called Strike 3-2: Strikes out swinging
|
|
Batting: LHB Lloyd Moseby
|
0-0: Ball 1-0: Fly out, F9 (Flyball, 9, EV 92.5 MPH)
|
| Bottom of the 4th over - 0 runs, 2 hits, 0 errors, 2 left on base; Tulsa 4 - Evansville 2 |
| TOP OF THE 5TH |
|
Tulsa Drillers batting - Pitching for Evansville Triplets : RHP Freddy Medina
|
|
Batting: SHB Luis Quinones
|
0-0: Ball 1-0: Foul Ball, location: 2F 1-1: Ball 2-1: Ball 3-1: Foul Ball, location: 2F 3-2: Base on Balls
|
|
Batting: LHB Jim Adduci
|
0-0: Ball Luis Quinones steals 2nd base 1-0: Ball 2-0: Ball 3-0: Base on Balls
|
|
Batting: LHB Mike Pagliarulo
|
0-0: Ball Balk! Luis Quinones to third Jim Adduci to second 1-0: Swinging Strike 1-1: Called Strike 1-2: Strikes out swinging
|
|
Batting: SHB Paul Householder
|
0-0: Ball 1-0: Called Strike 1-1: Ball 2-1: Ball 3-1: SINGLE (Groundball, 56, EV 109.4 MPH) Luis Quinones scores Jim Adduci to third Runner from 3rd tries for Home, throw by LF and OUT! 7-2
|
|
Pitching: RHP Victor Bernal
|
|
|
Batting: LHB Randy Braun
|
0-0: Ball Paul Householder steals 2nd base 1-0: Ball 2-0: Foul Ball, location: 2F 2-1: Foul Ball, location: 2F 2-2: Ground out 4-3 (Groundball, 4, EV 101.9 MPH)
|
| Top of the 5th over - 1 run, 1 hit, 0 errors, 1 left on base; Tulsa 5 - Evansville 2 |
| BOTTOM OF THE 5TH |
|
Evansville Triplets batting - Pitching for Tulsa Drillers : RHP Keith Bonine
|
|
Batting: RHB Ron Kittle
|
0-0: Ball 1-0: Ground out 3-1 (Groundball, 34, EV 81.9 MPH)
|
|
Batting: SHB Mickey Tettleton
|
0-0: Ball 1-0: Ball 2-0: Ball 3-0: Called Strike 3-1: Base on Balls
|
|
Batting: RHB Ed Jurak
|
0-0: Called Strike 0-1: Foul Ball, location: 2F 0-2: Foul Ball, location: 2F 0-2: Strikes out swinging
|
|
Batting: LHB Luis Alfaro
|
0-0: Ball 1-0: Ball 2-0: Ball 3-0: Called Strike 3-1: SINGLE (Groundball, 34D, EV 97.5 MPH) Mickey Tettleton to second Runner from 2nd tries for 3rd, SAFE, throw by RF made to third
|
|
Batting: RHB Jaden Smith
|
0-0: Called Strike 0-1: Ball 1-1: Foul Ball, location: 2F 1-2: Foul Ball, location: 2F 1-2: Fly out, F8 (Flyball, 8RD, EV 83.1 MPH)
|
| Bottom of the 5th over - 0 runs, 1 hit, 0 errors, 2 left on base; Tulsa 5 - Evansville 2 |
| TOP OF THE 6TH |
|
Tulsa Drillers batting - Pitching for Evansville Triplets : RHP Victor Bernal
|
|
Batting: RHB Bob E Johnson
|
0-0: Ball 1-0: Called Strike 1-1: Fly out, F8 (Flyball, 8RXD, EV 86.9 MPH)
|
|
Batting: RHB Nick Belmonte
|
0-0: Ball 1-0: Called Strike 1-1: Foul Ball, location: 2F 1-2: Ball 2-2: Ball 3-2: Reached on error, E6 (Groundball, 6, EV 107.5 MPH)
|
|
Batting: RHB Onix Concepcion
|
0-0: Ground out 5-3 (Groundball, 56, EV 107.5 MPH)
|
|
Batting: RHB Victor Rios
|
0-0: Foul Ball, location: 2F 0-1: Ball 1-1: Ball 2-1: SINGLE (Line Drive, 89M, EV 108.8 MPH) Nick Belmonte to third Runner from 3rd tries for Home, SAFE, throw by RF to home Victor Rios to second
|
|
Batting: SHB Luis Quinones
|
0-0: Ball 1-0: Fly out, F7 (Flyball, 78S, EV 98.1 MPH)
|
| Top of the 6th over - 1 run, 1 hit, 1 error, 1 left on base; Tulsa 6 - Evansville 2 |
| BOTTOM OF THE 6TH |
|
Evansville Triplets batting - Pitching for Tulsa Drillers : RHP Keith Bonine
|
|
Batting: SHB Bobby Thompson
|
0-0: Called Strike 0-1: Fly out, F9 (Flyball, 9D, EV 79.4 MPH)
|
|
Batting: LHB Greg Gross
|
0-0: Called Strike 0-1: Ground out 5-3 (Groundball, 56S, EV 80.0 MPH)
|
|
Batting: RHB Cory Mihalic
|
0-0: Ball 1-0: SINGLE (Groundball, 34D, EV 99.4 MPH)
|
|
Pitching: RHP Tom D Brown
|
|
|
Batting: LHB Lloyd Moseby
|
0-0: Ball 1-0: Ball 2-0: Foul Ball, location: 2F 2-1: Swinging Strike 2-2: Foul Ball, location: 2F 2-2: Ball 3-2: SINGLE (Line Drive, 7LS, EV 85.6 MPH) Cory Mihalic to second Cory Mihalic to third
|
|
Batting: RHB Ron Kittle
|
0-0: Ball 1-0: Ball 2-0: Ground out 1-3 (Groundball, 34S, EV 73.1 MPH)
|
| Bottom of the 6th over - 0 runs, 2 hits, 0 errors, 2 left on base; Tulsa 6 - Evansville 2 |
| TOP OF THE 7TH |
|
Tulsa Drillers batting - Pitching for Evansville Triplets : RHP Victor Bernal
|
|
Batting: LHB Jim Adduci
|
0-0: Foul Ball, location: 2F 0-1: Called Strike 0-2: Strikes out swinging
|
|
Batting: LHB Mike Pagliarulo
|
0-0: Ball 1-0: Called Strike 1-1: SINGLE (Line Drive, 78M, EV 98.1 MPH)
|
|
Batting: SHB Paul Householder
|
0-0: Called Strike 0-1: Ball 1-1: Fielders Choice at 2nd, 5-4 (Groundball, 56, EV 93.1 MPH)
|
|
Batting: LHB Randy Braun
|
0-0: Ball 1-0: Called Strike 1-1: Ball Paul Householder steals 2nd base (no throw) 2-1: Foul Ball, location: 2F 2-2: SINGLE (Flyball, 34D, EV 84.4 MPH) Paul Householder to third Runner from 3rd tries for Home, SAFE, throw by RF to home Randy Braun to second
|
|
Batting: RHB Bob E Johnson
|
0-0: Called Strike 0-1: Ball 1-1: Foul Ball, location: 2F 1-2: Foul Ball, location: 2F 1-2: Ground out U3 (Groundball, 34, EV 93.1 MPH)
|
| Top of the 7th over - 1 run, 2 hits, 0 errors, 1 left on base; Tulsa 7 - Evansville 2 |
| BOTTOM OF THE 7TH |
|
Evansville Triplets batting - Pitching for Tulsa Drillers : RHP Tom D Brown
|
|
Batting: SHB Mickey Tettleton
|
0-0: Ball 1-0: Ball 2-0: Swinging Strike 2-1: Foul Ball, location: 2F 2-2: Ball 3-2: SINGLE (Groundball, 5S, EV 68.1 MPH) (infield hit)
|
|
Batting: RHB Ed Jurak
|
0-0: Called Strike 0-1: Foul Ball, location: 2F 0-2: SINGLE (Line Drive, 9LS, EV 108.1 MPH) Mickey Tettleton to second
|
|
Batting: LHB Luis Alfaro
|
0-0: Bunt missed! 0-1: Bunt missed! 0-2: Ball 1-2: Ball 2-2: Ball 3-2: Fly out, F3 (Line Drive, 3, EV 66.9 MPH)
|
|
Batting: RHB Jaden Smith
|
0-0: Swinging Strike 0-1: Ball 1-1: Grounds into double play, 6-4-3 (Groundball, 56, EV 85.0 MPH)
|
| Bottom of the 7th over - 0 runs, 2 hits, 0 errors, 1 left on base; Tulsa 7 - Evansville 2 |
| TOP OF THE 8TH |
|
Tulsa Drillers batting - Pitching for Evansville Triplets : RHP Victor Bernal
|
|
Batting: RHB Nick Belmonte
|
0-0: Ball 1-0: Called Strike 1-1: Ball 2-1: Foul Ball, location: 2F 2-2: Ground out 3-1 (Groundball, 34, EV 101.9 MPH)
|
|
Batting: RHB Onix Concepcion
|
0-0: Fly out, F4 (Popup, 4M, EV 76.9 MPH)
|
|
Batting: RHB Victor Rios
|
0-0: Ground out 4-3 (Groundball, 4D, EV 88.1 MPH)
|
| Top of the 8th over - 0 runs, 0 hits, 0 errors, 0 left on base; Tulsa 7 - Evansville 2 |
| BOTTOM OF THE 8TH |
|
Evansville Triplets batting - Pitching for Tulsa Drillers : RHP Tom D Brown
|
|
Batting: SHB Bobby Thompson
|
0-0: Ball 1-0: Ball 2-0: Called Strike 2-1: Ball 3-1: Foul Ball, location: 2F 3-2: Strikes out looking
|
|
Batting: LHB Greg Gross
|
0-0: Called Strike 0-1: Swinging Strike 0-2: Ground out 6-3 (Groundball, 6S, EV 75.6 MPH)
|
|
Batting: RHB Cory Mihalic
|
0-0: Called Strike 0-1: Ball 1-1: Called Strike 1-2: Ball 2-2: Ground out 6-3 (Groundball, 6, EV 93.1 MPH)
|
| Bottom of the 8th over - 0 runs, 0 hits, 0 errors, 0 left on base; Tulsa 7 - Evansville 2 |
| TOP OF THE 9TH |
|
Tulsa Drillers batting - Pitching for Evansville Triplets : RHP Victor Bernal
|
|
Batting: SHB Luis Quinones
|
0-0: Ball 1-0: Fly out, F8 (Line Drive, 8LD, EV 90.0 MPH)
|
|
Pitching: LHP Paul Mirabella
|
|
|
Batting: LHB Jim Adduci
|
0-0: Foul Ball, location: 2F 0-1: Ball 1-1: Called Strike 1-2: Ball 2-2: Strikes out looking
|
|
Batting: LHB Mike Pagliarulo
|
0-0: Called Strike 0-1: Ball 1-1: Ball 2-1: Ball 3-1: Swinging Strike 3-2: Strikes out looking
|
| Top of the 9th over - 0 runs, 0 hits, 0 errors, 0 left on base; Tulsa 7 - Evansville 2 |
| BOTTOM OF THE 9TH |
|
Evansville Triplets batting - Pitching for Tulsa Drillers : RHP Tom D Brown
|
|
Batting: LHB Lloyd Moseby
|
0-0: Ball 1-0: Called Strike 1-1: Ball 2-1: Swinging Strike 2-2: DOUBLE (Line Drive, 89XD, EV 99.4 MPH)
|
|
Pitching: RHP Andy Hawkins
|
|
|
Batting: RHB Ron Kittle
|
0-0: Ball 1-0: Fly out, F3 (Popup, 3SF, EV 71.3 MPH)
|
|
Batting: SHB Mickey Tettleton
|
0-0: Foul Ball, location: 2F 0-1: Foul Ball, location: 2F 0-2: Ground out 2-3 (Groundball, 2L, EV 71.3 MPH) Lloyd Moseby to third
|
|
Batting: RHB Ed Jurak
|
0-0: Ball 1-0: Ball Wild Pitch! Lloyd Moseby scores 2-0: Ball 3-0: Base on Balls
|
|
Batting: LHB Luis Alfaro
|
0-0: Ball 1-0: Ball 2-0: SINGLE (Groundball, 6MD, EV 103.8 MPH) Ed Jurak to second
|
|
Batting: RHB Jaden Smith
|
0-0: SINGLE (Groundball, 56D, EV 98.1 MPH) Ed Jurak to third Luis Alfaro to second
|
|
Pitching: RHP Bert Roberge
|
|
|
Pinch Hitting: RHB Ed Putman
|
0-0: Foul Ball, location: 2F 0-1: Foul Ball, location: 2F 0-2: Ball 1-2: Foul Ball, location: 2F 1-2: Ball 2-2: Foul Ball, location: 2F 2-2: Ground out 3-1 (Groundball, 34, EV 87.5 MPH)
|
| Bottom of the 9th over - 1 run, 3 hits, 0 errors, 3 left on base; Tulsa 7 - Evansville 3 |
|